 Dungeon Crawl Stone Soup version 0.21-a0-641-geef9d7f (webtiles) character file.

119 Monsterracer the Skirmisher (level 5, -2/48 HPs)
             Began as a Hill Orc Venom Mage on Dec 30, 2017.
             Slain by Natasha (8 damage)
             ... on level 2 of the Dungeon.
             The game lasted 00:03:44 (2399 turns).

Monsterracer the Skirmisher (Hill Orc Venom Mage)   Turns: 2399, Time: 00:03:45

Health: -2/48      AC:  4    Str: 12    XL:     5   Next: 3%
Magic:  1/7        EV: 12    Int: 15    God:
Gold:   118        SH:  0    Dex: 11    Spells: 6/7 levels left

rFire    . . .     SeeInvis .   b - +0 whip
rCold    . . .     Gourm    .   (no shield)
rNeg     . . .     Faith    .   a - +0 robe
rPois    .         Spirit   .   (no helmet)
rElec    .         Reflect  .   (no cloak)
rCorr    .         Harm     .   d - +1 pair of gloves
MR       .....                  (no boots)
Stlth    ++........             (no amulet)
HPRegen  0.16/turn              (no ring)
MPRegen  0.10/turn              (no ring)

@: very slow
A: no striking features
a: no special abilities


You were on level 2 of the Dungeon.
You were not hungry.

You visited 1 branch of the dungeon, and saw 2 of its levels.

You collected 118 gold pieces.

Inventory:

Hand Weapons
 b - a +0 whip (weapon)
Armour
 a - a +0 robe (worn)
 d - a +1 pair of gloves (worn)
 g - a cursed +0 plate armour
 k - a +0 ring mail
Scrolls
 e - 2 scrolls of identify {unknown}
 f - 2 scrolls of remove curse {unknown}
 h - a scroll of fear {unknown}
 i - a scroll of amnesia {unknown}
 j - a scroll of enchant armour {unknown}
 m - a scroll of immolation {unknown}
Potions
 l - a potion of brilliance {unknown}
 n - 2 potions of curing {unknown}
 o - a potion of magic {unknown}
 p - a potion of might {unknown}
 q - 2 potions of heal wounds {unknown}
Comestibles
 c - 4 rations


   Skills:
 + Level 5.4 Fighting
 - Level 1.5 Dodging
 - Level 1.5 Stealth
 - Level 1.5 Spellcasting
 - Level 1.0 Conjurations
 - Level 2.6 Poison Magic


You had 6 spell levels left.
You knew the following spells:

 Your Spells              Type           Power        Failure   Level  Hunger
a - Sting                 Conj/Pois      #...         11%         1    ##.....


Dungeon Overview and Level Annotations

Branches:
Dungeon (2/15)

Altars:
Cheibriados
Wu Jian

Annotations:
D:2 Natasha


Message History

Natasha extends her claws.
Natasha closely misses you.
You hit Natasha but do no damage.
Natasha is moderately wounded.
Natasha looks more healthy.
Natasha claws you but does no damage.
Natasha mumbles some strange words.
You barely miss Natasha.
Natasha is moderately wounded.
Natasha barely misses you. The crimson imp completely misses you.
You miss Natasha.
Natasha is moderately wounded.
Natasha barely misses you. Natasha claws you!
The crimson imp hits you but does no damage.
You take 7 damage, and have 37/48 hp.
You closely miss Natasha.
Natasha is moderately wounded.
Natasha closely misses you. The white imp barely misses you.
The crimson imp barely misses you. Natasha barely misses you.
You completely miss Natasha.
Natasha is moderately wounded.
Natasha claws you.
The white imp hits you but does no damage.
The crimson imp barely misses you. Natasha casts a spell at you.
You resist with some effort.
You take 4 damage, and have 33/48 hp.
You are too injured to fight recklessly!
You miss Natasha.
Natasha is moderately wounded.
The white imp gestures at you. The puff of frost hits you!
Natasha claws you but does no damage.
The crimson imp blinks!
The white imp hits you but does no damage.
You take 5 damage, and have 28/48 hp.
You hit Natasha.
Natasha is heavily wounded.
Natasha claws you.
* * * LOW HITPOINT WARNING * * *
The crimson imp hits you but does no damage.
Natasha closely misses you. The white imp gestures at you.
The puff of frost hits you!
* * * LOW HITPOINT WARNING * * *
You take 15 damage, and have 13/48 hp.
MASSIVE DAMAGE!!
Unknown command.
Casting: Sting
Confirm with . or Enter, or press ? or * to list all spells.
Aiming: Sting
Press: ? - help, Shift-Dir - straight line, f/p - Natasha
Aim: Natasha (heavily wounded, fast)
The sting hits Natasha.
Natasha is severely wounded.
Natasha completely misses you.
The crimson imp blinks!
The white imp barely misses you.
You now have 4/7 mp.
Casting: Sting
Confirm with . or Enter, or press ? or * to list all spells.
Aiming: Sting
Press: ? - help, Shift-Dir - straight line, f/p - Natasha
Aim: Natasha (severely wounded, fast)
The sting hits Natasha.
Natasha is poisoned.
Natasha is severely wounded.
Natasha claws you but does no damage.
Natasha casts a spell.
You now have 3/7 mp.
Casting: Sting
Confirm with . or Enter, or press ? or * to list all spells.
Aiming: Sting
Press: ? - help, Shift-Dir - straight line, f/p - Natasha
Aim: Natasha (severely wounded, fast, poisoned)
The sting hits Natasha.
Natasha appears unharmed.
Natasha is severely wounded.
Natasha claws you but does no damage.
You now have 2/7 mp.
You hit Natasha but do no damage.
Natasha is severely wounded.
Natasha misses you. The crimson imp barely misses you. Natasha misses you.
You closely miss Natasha.
Natasha is almost dead.
Natasha looks more healthy.
Natasha claws you.
* * * LOW HITPOINT WARNING * * *
The crimson imp closely misses you. Natasha claws you.
* * * LOW HITPOINT WARNING * * *
You take 5 damage, and have 8/48 hp.
You barely miss Natasha.
Natasha is almost dead.
The crimson imp hits you.
* * * LOW HITPOINT WARNING * * *
Natasha completely misses you.
You take 2 damage, and have 6/48 hp.
Casting: Sting
Confirm with . or Enter, or press ? or * to list all spells.
Aiming: Sting
Press: ? - help, Shift-Dir - straight line, f/p - Natasha
Aim: Natasha (almost dead, fast)
The sting misses Natasha.
The sting hits the iron imp.
The iron imp appears unharmed.
Natasha barely misses you.
The crimson imp hits you but does no damage.
Natasha claws you!
You die...

###########
#..####.....55..#..
#..........@h5$....
#.#####.#######.#..
#.# ##...#
#.###.###.# #.##..#
...
######.##..###.##.
.......##.....## ..
######............
. ##.##.###.....


You could see an iron imp, Natasha, a crimson imp and a white imp.

Vanquished Creatures
  Natasha (D:2)
  6 adders
  An ooze (D:1)
  2 worms (D:2)
  A dart slug (D:1)
  2 leopard geckos (D:2)
  6 bats
  A giant cockroach (D:1)
  A goblin (D:1)
  3 hobgoblins (D:1)
  6 frilled lizards
  2 kobolds (D:1)
  2 rats
34 creatures vanquished.

Notes
Turn   | Place    | Note
-------+----------+-------------------------------------------
     0 | D:1      | Monsterracer the Hill Orc Venom Mage began the quest for the Orb.
     0 | D:1      | Reached XP level 1. HP: 14/14 MP: 3/3
    16 | D:1      | Reached skill level 1 in Fighting
   416 | D:1      | Found an ornate altar of the Wu Jian Council.
   432 | D:1      | Reached skill level 2 in Fighting
   432 | D:1      | Reached XP level 2. HP: 24/24 MP: 1/4
   933 | D:1      | Reached skill level 3 in Fighting
  1282 | D:1      | Reached XP level 3. HP: 23/31 MP: 2/5
  1486 | D:2      | Found a faded altar of an unknown god.
  1508 | D:2      | Became a worshipper of Cheibriados the Contemplative
  1508 | D:2      | Reached * piety under Cheibriados
  1509 | D:2      | Fell from the grace of Cheibriados
  1640 | D:2      | Reached skill level 4 in Fighting
  1750 | D:2      | Reached XP level 4. HP: 36/41 MP: 3/6
  1803 | D:2      | HP: 16/41 [adder (5)]
  1808 | D:2      | HP: 14/41 [poisoned by an adder]
  1816 | D:2      | HP: 12/41 [poisoned by an adder]
  1823 | D:2      | HP: 11/41 [poisoned by an adder]
  2304 | D:2      | Reached skill level 5 in Fighting
  2334 | D:2      | Noticed Natasha
  2342 | D:2      | Killed Natasha
  2342 | D:2      | Reached XP level 5. HP: 35/48 MP: 3/7
  2382 | D:2      | Noticed Natasha
  2392 | D:2      | HP: 23/48 [Natasha (5)]
  2397 | D:2      | HP: 12/48 [Natasha (2)]
  2399 | D:2      | Slain by Natasha

Vault maps used:
D:1:      minmay_arrival_five_plusses, minmay_hexomino_r4
D:2:      first_ration, chequers_ecumenical_altar_simple, uniq_natasha

Skill      XL: |  1  2  3  4 |
---------------+-------------+-----
Fighting       | 2 3 4 5 |  5.4
Dodging        | |  1.5
Stealth        | |  1.5
Spellcasting   | |  1.5
Conjurations   | |  1.0
Poison Magic   | |  2.6

Action                   |  1- 3 |  4- 6 || total
-------------------------+-------+-------++-------
Melee: Whip              |    87 |    42 ||   129
       Unarmed           |     7 |       ||     7
 Cast: Sting             |    19 |    17 ||    36
Invok: Renounce Religion |     1 |       ||     1
 Stab: Sleeping          |     1 |       ||     1
  Eat: Chunk             |     3 |     3 ||     6
Armor: Robe              |    35 |    19 ||    54
Dodge: Dodged            |    89 |    45 ||   134

Table legend:
 A = Spawn XP
 B = Non-spawn XP
 C = Spawn XP percentage of total XP
 D = Spawn monster count
 E = Non-spawn monster count
 F = Spawn count percentage of total count
 G = Total turns spent on level
                    A         B        C        D         E        F      G
               +---------+---------+-------+---------+---------+-------+---------
         Total |       0 |     170 |   0.0 |       0 |      34 |   0.0 |  2399
               +---------+---------+-------+---------+---------+-------+---------
           D:1 |       0 |      59 |   0.0 |       0 |      18 |   0.0 |  1436
           D:2 |       0 |     111 |   0.0 |       0 |      16 |   0.0 |   963
               +---------+---------+-------+---------+---------+-------+---------

Vault maps used:
D:1:      minmay_arrival_five_plusses, minmay_hexomino_r4
D:2:      first_ration, chequers_ecumenical_altar_simple, uniq_natasha
